 Dungeon Crawl Stone Soup version 0.31-a0-819-gf6de2f5ab6 (webtiles) character file.

Game seed: 3100426127487498219

170 Shayle the Trooper (level 5, -2/53 HPs)
             Began as an Ogre Hexslinger on Sept 23, 2023.
             Was an Initiate of Hepliaklqana.
             Slain by a hound (4 damage)
             ... on level 4 of the Dungeon.
             The game lasted 00:06:35 (2999 turns).

Shayle the Trooper (Ogre Hexslinger)                Turns: 2999, Time: 00:06:36

Health: -2/53      AC:  6    Str: 12    XL:     5   Next: 50%
Magic:  9/9        EV: 10    Int: 16    God:    Hepliaklqana [......]
Gold:   61         SH:  0    Dex: 11    Spells: 9/9 levels left

rFire   . . .        a - +1 sling
rCold   . . .        (no shield)
rNeg    . . .        c - +1 robe
rPois   .            (helmet restricted)
rElec   .            p - +1 cloak
rCorr   .            (gloves unavailable)
SInv    .            (boots unavailable)
Will    .....        (no amulet)
Stlth   +            (no ring)
HPRegen 0.28/turn    (no ring)
MPRegen 0.11/turn

%: no passive effects
@: invisible
A: large, unfitting armour, tough skin 1
a: Renounce Religion


You were on level 4 of the Dungeon.
You worshipped Hepliaklqana.
Hepliaklqana was noncommittal.
You visited 2 branches of the dungeon, and saw 5 of its levels.

You collected 175 gold pieces.
You spent 114 gold pieces at shops.

Inventory:

Hand Weapons
 a - a +1 sling (weapon)
 j - a +1 whip of electrocution
Armour
 c - a +1 robe (worn)
 p - a +1 cloak (worn)
Scrolls
 b - a scroll of poison
 d - a scroll of amnesia
 f - a scroll of teleportation
 g - a scroll of enchant armour
 i - a scroll of blinking
 m - 2 scrolls of enchant weapon
 n - a scroll of identify
Potions
 e - 2 potions of mutation {unknown}
 k - a potion of curing
 l - a potion of ambrosia {unknown}


   Skills:
 + Level 3.2 Fighting
 - Level 1.3 Ranged Weapons
 + Level 2.6 Dodging
 + Level 2.8 Spellcasting
 - Level 2.6 Hexes
 + Level 2.1 Fire Magic
 + Level 2.2 Invocations


You had 9 spell levels left.
You didn't know any spells.
Your spell library contained the following spells:

 Spells                   Type           Power      Damage    Failure   Level
 Jinxbite                 Hex            20%        N/A       10%         2
 Freeze                   Ice            8%         1d3       19%         1
 Sigil of Binding         Hex            10%        N/A       19%         3
 Inner Flame              Hex/Fire       9%         N/A       22%         3
 Cigotuvi's Dreadful Rot  Necr/Pois/Air  4%         N/A       28%         2
 Dazzling Flash           Conj/Hex       12%        N/A       32%         3
 Ignite Poison            Fire/Tmut/Pois 4%         N/A       41%         3
 Frozen Ramparts          Ice            4%         1d1       50%         3
 Hailstorm                Conj/Ice       2%         3d3       50%         3
 Cause Fear               Hex            5%         N/A       54%         4
 Dimensional Bullseye     Hex/Tloc       3%         N/A       73%         4
 Silence                  Hex/Air        3%         N/A       97%         5
 Agony                    Necr           2%         N/A       99%         5
 Freezing Cloud           Conj/Ice/Air   1%         6-21      99%         5


Dungeon Overview and Level Annotations

Branches:
Dungeon (4/15)             Temple (1/1) D:4

Altars:
Ashenzari
Cheibriados
Dithmenos
Elyvilon
Gozag
Hepliaklqana
Kikubaaqudgha
Nemelex Xobeh
Okawaru
Qazlal
Sif Muna
Uskayaw
Vehumet
Wu Jian
Xom
Yredelemnul
Zin
The Shining One

Shops:
D:3 ?


Innate Abilities, Weirdness & Mutations

You are too large for most types of armour.
You have tough skin. (AC +1)


Message History

You feel better. The hound barely misses you.
You shoot a sling bullet.
The sling bullet closely misses the hound.
The hound bites you.
* * * LOW HITPOINT WARNING * * *
The hound completely misses you. The goblin hits you with a +0 dagger.
* * * LOW HITPOINT WARNING * * *
The worm bites you but does no damage. The hound bites you.
* * * LOW HITPOINT WARNING * * *
The endoplasm quivers.
The hound bites you.
* * * LOW HITPOINT WARNING * * *
The hound attacks as it pursues you! The hound barely misses you.
The hound closely misses you.
You shoot a sling bullet. The sling bullet hits the hound.
The hound is almost dead.
The hound bites you but does no damage. The hound barely misses you.
You shoot a sling bullet.
The sling bullet closely misses the hound.
The sling bullet hits the worm.
The worm is lightly wounded.
The hound bites you.
* * * LOW HITPOINT WARNING * * *
The goblin barely misses you. The hound bites you.
* * * LOW HITPOINT WARNING * * *
The goblin closely misses you.
You shoot a sling bullet.
The sling bullet barely misses the hound.
The hound barely misses you. The goblin hits you but does no damage.
The endoplasm freezes you.
* * * LOW HITPOINT WARNING * * *
The hound closely misses you.
Unknown command.
The goblin hits you but does no damage. The hound bites you but does no damage.
You shoot a sling bullet.
The sling bullet closely misses the hound.
The hound closely misses you. The goblin completely misses you.
The endoplasm barely misses you. The hound bites you.
You die...

. ##.....###.....###.....##...
..#..###..#.......#..###..#...
......#...............#.....[.
#.........#.....#.........##.
#.........##...##.........###
#.........#.....#.........###
......#...............#.......
J.#..###..#.gw....#..###..#...
. ##.....###h@...###.. ..##..#
.......#.J###..#.......#.#.
............ ..............#
..#.....#...... ..#.....#...
##.J.##...... .# .... #.......
. .....#... ..#..###..#


You could see a worm (unable to see you), a hound, a jelly (wandering), an
endoplasm and a goblin (unable to see you).

Vanquished Creatures
  Jessica (D:3)
  4 adders
  8 worms
  5 dart slugs
  An orc (D:2)
  2 bats
  6 endoplasms
  6 giant cockroaches
  7 goblins
  3 hobgoblins
  7 jackals
  7 kobolds
  7 ball pythons
  6 frilled lizards
  4 rats
74 creatures vanquished.

Notes
Turn   | Place    | Note
-------+----------+-------------------------------------------
     0 | D:1      | Shayle the Ogre Hexslinger began the quest for the Orb.
     0 | D:1      | Reached XP level 1. HP: 19/19 MP: 2/2
    37 | D:1      | Reached skill level 1 in Fire Magic
    77 | D:1      | Reached XP level 2. HP: 28/28 MP: 4/4
   278 | D:1      | Reached skill level 2 in Fighting
   286 | D:1      | Reached skill level 1 in Invocations
   361 | D:1      | Reached XP level 3. HP: 32/35 MP: 5/5
   491 | D:1      | Found a faded altar of an unknown god.
   987 | D:2      | Reached XP level 4. HP: 44/44 MP: 7/7
  1010 | D:2      | Found a white marble altar of Elyvilon.
  1748 | D:3      | Found a glowing golden altar of the Shining One.
  1748 | D:3      | Found a white marble altar of Elyvilon.
  1759 | D:3      | Found a glowing silver altar of Zin.
  1763 | D:3      | Found a basalt altar of Yredelemnul.
  1767 | D:3      | Found a sparkling altar of Nemelex Xobeh.
  1770 | D:3      | Found a shimmering altar of Xom.
  1806 | D:3      | Found Buxef's Magic Scroll Emporium.
  1813 | D:3      | Bought a scroll of blinking for 90 gold pieces
  1813 | D:3      | Bought a scroll of identify for 24 gold pieces
  2070 | D:3      | Found a broken altar of Ashenzari.
  2070 | D:3      | Found an iron altar of Okawaru.
  2115 | D:3      | Reached XP level 5. HP: 52/52 MP: 8/8
  2276 | D:3      | Noticed Jessica
  2291 | D:3      | Reached skill level 3 in Fighting
  2604 | D:3      | Killed Jessica
  2822 | D:4      | Found a staircase to the Ecumenical Temple.
  2829 | Temple   | Entered the Ecumenical Temple
  2839 | Temple   | Became a worshipper of Hepliaklqana the Forgotten
  2997 | D:4      | HP: 1/53 [frozen (5)]
  2999 | D:4      | Slain by a hound

Illustrated notes

Levels and vault maps discovered:
D:1:      minmay_arrival_jagged, layout_loops_ring,
          hellmonk_ecumenical_altar_pennies_from_heaven,
          minmay_indecisive_spiral
D:2:      layout_rooms, basic_altar
D:3:      layout_loops_corners, nicolae_overflow_hallway_of_the_gods,
          gammafunk_temple_overflow_elements, serial_shops, shop,
          serial_bayou_lagoon_a, uniq_jessica
D:4:      nicolae_cairo_tiling_large_dashed, layout_layer_cave,
          minmay_temple_entry_steel_oval, lightli_sewer_entry_pipes,
          uniq_eustachio
Temple:   nicolae_temple_two_arcs

Skill      XL: |  1  2  3  4  5 |
---------------+----------------+-----
Fire Magic     | 1 2 |  2.1
Dodging        | 2 |  2.6
Fighting       | 2 3 |  3.2
Invocations    | 1 2 |  2.2
Spellcasting   | 2 |  2.8
Ranged Weapons | |  1.3
Hexes          | |  2.6

Action                     |  1- 3 |  4- 6 || total
---------------------------+-------+-------++-------
   Fire: Sling             |   154 |   214 ||   368
    Use: Scroll            |       |     9 ||     9
         Potion            |       |     4 ||     4
 Armour: Robe              |    62 |   125 ||   187
  Dodge: Dodged            |    58 |   107 ||   165

Table legend: (Time is in decaauts)
 A = Elapsed time spent in this place.
 B = Non-inter-level travel time spent in this place.
 C = Inter-level travel time spent in this place.
 D = Time resting spent in this place.
 E = Time spent auto-exploring this place.
 F = Levels seen in this place.
 G = Mean time per level.
                   A        B        C        D        E       F      G
               +--------+--------+--------+--------+--------+-----+--------+
         Total |   3123 |   2986 |    137 |    265 |   1838 |   5 |  624.6 |
       Dungeon |   3103 |   2976 |    127 |    265 |   1838 |   4 |  775.8 |
        Temple |     20 |     10 |     10 |      0 |      0 |   1 |   20.0 |
               +--------+--------+--------+--------+--------+-----+--------+

Top non-repeatable levels by time:
     D:3: 1042 daAuts
     D:2: 936 daAuts
     D:1: 929 daAuts
     D:4: 194 daAuts
  Temple: 20 daAuts
